 Dungeon Crawl Stone Soup version 0.24-a0-423-g6870c0f642 (webtiles) character file.

Game seed: 16379091486919473019

141203 MachJacob the Apostle (level 17, -12/154 HPs)
             Began as a Hill Orc Necromancer on June 11, 2019.
             Was a High Priest of Beogh.
             Mangled by a wolf spider (17 damage)
             ... on level 4 of the Spider Nest on June 13, 2019.
             The game lasted 02:53:40 (36953 turns).

MachJacob the Apostle (Hill Orc Necromancer)       Turns: 36953, Time: 02:53:40

Health: -12/154    AC: 21    Str: 11 (13) XL:     17   Next: 32%
Magic:  30/30      EV: 15    Int: 22 (25) God:    Beogh [*****.]
Gold:   3492       SH: 12    Dex: 16 (18) Spells: 11/26 levels left

rFire    + . .     SeeInvis .   b - +4 war axe
rCold    . . .     Gourm    .   z - +0 shield
rNeg     . . .     Faith    .   W - +1 scale mail {rF+}
rPois    .         Spirit   .   a - +2 helmet {Int+3}
rElec    .         Reflect  .   F - scarf {cloud immunity}
rCorr    .         Harm     .   L - +0 pair of gloves of Zoch {Stlth+}
MR       +....                  i - +1 pair of boots
Stlth    +++.......             (no amulet)
HPRegen  0.35/turn              M - +4 ring of protection
MPRegen  0.22/turn              n - +4 ring of intelligence

@: agile, lethally poisoned (-12 -> -14)
A: walk on water
a: Smiting, Recall Orcish Followers, Give Item to Named Follower, Renounce
Religion


You were on level 4 of the Spider Nest.
You worshipped Beogh.
Beogh was extremely pleased with you.
You were not hungry.

You visited 5 branches of the dungeon, and saw 28 of its levels.
You also visited: Bailey and Ice Cave.

You collected 3492 gold pieces.

Inventory:

Hand Weapons
 b - a +4 war axe (weapon)
Missiles
 V - 3 throwing nets (quivered) {!f}
 X - 7 curare-tipped darts {!f}
Armour
 a - a +2 helmet of intelligence (worn)
 h - a +2 robe of magic resistance
 i - a +1 pair of boots (worn)
 z - a +0 shield (worn)
 F - a scarf of cloud immunity (worn)
 L - the +0 pair of gloves of Zoch (worn) {Stlth+}
   (You acquired it on level 5 of the Lair of Beasts)

   It makes you more stealthy.
 W - a +1 scale mail of fire resistance (worn)
Magical Staves
 A - an uncursed staff of poison
Jewellery
 d - a cursed ring of teleportation {unknown}
 l - an uncursed ring of protection from fire
 n - a +4 ring of intelligence (right hand)
 p - an uncursed ring of positive energy
 M - a +4 ring of protection (left hand)
 O - an uncursed ring of protection from cold
Wands
 m - a wand of flame (17)
 q - a wand of digging (7)
 y - a wand of iceblast (17)
 G - a wand of paralysis (23)
 P - a wand of polymorph (11)
 T - a wand of acid (7)
Scrolls
 j - 10 scrolls of remove curse
 o - 6 scrolls of identify
 u - a scroll of fog
 w - a scroll of vulnerability
 x - a scroll of fear
 D - 5 scrolls of amnesia
 H - 12 scrolls of teleportation
 J - a scroll of silence
 K - 2 scrolls of magic mapping
 R - a scroll of blinking
 Y - 4 scrolls of summoning
 Z - 3 scrolls of holy word
Potions
 e - 4 potions of lignification
 f - 5 potions of mutation
 g - 2 potions of resistance
 k - 2 potions of heal wounds
 s - 3 potions of magic
 t - a potion of invisibility
 v - 4 potions of flight
 B - 3 potions of cancellation
 C - 2 potions of ambrosia
 E - 4 potions of haste
 N - 4 potions of brilliance
 S - 4 potions of might
 U - 2 potions of agility
Miscellaneous
 I - 2 phantom mirrors
Comestibles
 c - 37 rations


   Skills:
 + Level 14.6 Fighting
 * Level 14.1 Axes
 - Level 10.0 Armour
 - Level 3.0 Dodging
 - Level 1.5 Stealth
 + Level 12.2 Shields
 - Level 5.0 Spellcasting
 - Level 3.0 Charms
 - Level 9.0 Necromancy
 - Level 5.0 Translocations
 + Level 18.6 Invocations
 - Level 6.0 Evocations


You had 11 spell levels left.
You knew the following spells:

 Your Spells              Type           Power        Failure   Level  Hunger
a - Pain                  Necr           ####         1%          1    None
b - Animate Skeleton      Necr           N/A          1%          1    None
c - Vampiric Draining     Necr           #####.....   4%          3    ##.....
d - Regeneration          Chrm/Necr      ####......   16%         3    ##.....
e - Apportation           Tloc           ####..       8%          1    None
f - Blink                 Tloc           N/A          12%         2    None
g - Animate Dead          Necr           N/A          14%         4    ####...

Your spell library contained the following spells:

 Spells                   Type           Power        Failure   Level  Hunger
 Swiftness                Chrm/Air       ##......     43%         2    None
 Confusing Touch          Hex            #.....       52%         1    None
 Corona                   Hex            #......      52%         1    None
 Flame Tongue             Conj/Fire      #....        52%         1    None
 Magic Dart               Conj           #...         52%         1    None
 Shock                    Conj/Air       #...         52%         1    None
 Summon Small Mammal      Summ           #...         52%         1    None
 Portal Projectile        Hex/Tloc       ###...       54%         3    ##.....
 Call Imp                 Summ           #.......     65%         2    None
 Ensorcelled Hibernation  Hex/Ice        #.....       65%         2    None
 Poisonous Vapours        Pois/Air       #.....       65%         2    None
 Slow                     Hex            #.......     65%         2    None
 Throw Flame              Conj/Fire      #.....       65%         2    None
 Call Canine Familiar     Summ           #.......     87%         3    ##.....
 Confuse                  Hex            #.......     87%         3    ##.....
 Conjure Flame            Conj/Fire      #.......     87%         3    ##.....
 Dazzling Spray           Conj/Hex       #.....       87%         3    ##.....
 Inner Flame              Hex/Fire       #.......     87%         3    ##.....
 Mephitic Cloud           Conj/Pois/Air  #.......     87%         3    ##.....
 Static Discharge         Conj/Air       #.......     87%         3    ##.....
 Summon Guardian Golem    Hex/Summ       #.......     87%         3    ##.....
 Tukima's Dance           Hex            #.......     87%         3    ##.....
 Airstrike                Air            #.........   99%         4    ####...
 Cause Fear               Hex            #.........   99%         4    ####...
 Leda's Liquefaction      Hex/Erth       #.........   99%         4    ####...
 Sticky Flame             Conj/Fire      #.......     99%         4    ####...
 Blade Hands              Tmut           #.........   100%        5    #####..
 Fireball                 Conj/Fire      #.........   100%        5    #####..
 Lightning Bolt           Conj/Air       #.........   100%        5    #####..
 Silence                  Hex/Air        #.........   100%        5    #####..
 Yara's Violent Unravell  Hex/Tmut       #.........   100%        5    #####..
 Deflect Missiles         Chrm/Air       ##........   100%        6    #######
 Freezing Cloud           Conj/Ice/Air   #.........   100%        6    #######
 Ring of Flames           Chrm/Fire      ##........   100%        7    #######
 Discord                  Hex            #.........   100%        8    #######
 Dragon's Call            Summ           #.........   100%        9    #######


Dungeon Overview and Level Annotations

Branches:
Dungeon (15/15)            Temple (1/1) D:4            Lair (6/6) D:9
 Shoals (0/4) Lair:2       Spider (4/4) Lair:2        Slime (0/5) Lair:6
    Orc (2/2) D:11            Elf (0/3) Orc:2        Vaults (0/5) D:13
 Depths: D:15

Altars:
Ashenzari
Cheibriados
Dithmenos
Elyvilon
Fedhas
Gozag
Hepliaklqana
Kikubaaqudgha
Makhleb
Nemelex Xobeh
Okawaru
Ru
Sif Muna
Trog
Uskayaw
Vehumet
Wu Jian
Xom
Yredelemnul
Zin
The Shining One
Beogh

Shops:
D:14 !   Orc:2 *[([

Annotations:
D:3 Grinder
D:7 1 runed translucent door, Crazy Yiuf
D:14 exclusion: 2 oklob plants
D:15 exclusion: door
Orc:2 2 runed translucent doors, exclusion: orange crystal statue


Message History

You barely miss the demonic crawler.
The demonic crawler is almost dead.
You slash the demonic crawler!
You hit the wolf spider but do no damage.
You feel yourself speed up.
You feel sick. The demonic crawler hits you.
* * * LOW HITPOINT WARNING * * *
The demonic crawler hits you but does no damage.
The demonic crawler barely misses you.
The demonic crawler hits you but does no damage.
The demonic crawler hits you.
* * * LOW HITPOINT WARNING * * *
You block the demonic crawler's attack. The wolf spider hits you!
* * * LOW HITPOINT WARNING * * *
You block the wolf spider's attack. The demonic crawler barely misses you.
The demonic crawler closely misses you. The demonic crawler misses you.
The demonic crawler completely misses you.
The demonic crawler hits you but does no damage.
The demonic crawler barely misses you. The wolf spider hits you!
You die...

.# ##. ##.# #
##^. ...#.^.
##.#^#.#..#^.#
#. ^..#.#...#
#.##.#.#.s##
#..^.....^#.#
..# #.#..#..s:#
.....#sss..#
#..y..^@#.#...^#
#.#^#.#...#..#≈#
# #.####..#.. #
.^.#^≈ .#...^.
.#..### .#


You could see 2 demonic crawlers, 2 wolf spiders, a hornet (fleeing) and a
tarantella (fleeing).

Vanquished Creatures
  Rupert (Orc:2)
  Jorgrun (Orc:2)
  A ghost moth (Spider:3)
  A frost giant (IceCv)
  3 entropy weavers (Spider:1 Spider:2 Spider:3)
  Nessos (Lair:4)
  2 spark wasps (Spider:3)
  Snorg (D:12)
  An ogre mage (D:15)
  Harold (Lair:2)
  A rakshasa (D:15)
  6 hydras (Lair:2 Lair:3 Lair:5 Lair:6 D:14)
  A vault guard (D:13)
  Fannar (Lair:1)
  A catoblepas (Lair:6)
  8 two-headed ogres (D:9 D:10 D:11 D:13 D:15)
  2 death yaks (Lair:6 IceCv)
  Urug (D:13)
  A wizard (D:13)
  3 unseen horrors (D:11 D:14 D:15)
  An orc knight (Bailey)
  A necromancer (D:13)
  An orc sorcerer (Orc:1)
  2 orb spiders (Spider:1 Spider:3)
  A deep elf mage (D:15)
  7 wolf spiders (Spider:1 Spider:2 Spider:3)
  4 ugly things (D:12 D:15)
  A moth of wrath (Spider:1)
  An elephant (Lair:5)
  A centaur zombie (D:12)
  2 spiny frogs (Lair:5 Lair:6)
  3 torpor snails (Lair:6 Spider:2)
  A gargoyle (D:11)
  2 kobold demonologists (D:14 D:15)
  A rime drake (Lair:4)
  3 demonic crawlers (Spider:2 Spider:3)
  A yaktaur (D:15)
  4 komodo dragons (Lair:2 Lair:4 D:12)
  9 jumping spiders (Spider:1 Spider:2 Spider:3)
  3 trolls (D:13 D:15 Orc:2)
  11 polar bears (IceCv)
  5 blink frogs (Lair:1 Lair:4 Lair:5)
  A hornet (Spider:2)
  3 dream sheep (Lair:4)
  2 hippogriffs (Lair:1 Lair:6)
  A vampire (D:13)
  29 yaks (D:9 Lair:2 Lair:6 D:13 IceCv)
  4 tarantellas (Spider:1 Spider:2 Spider:3)
  A wyvern (D:13)
  2 shadows (D:12 D:15)
  13 redbacks (Spider:1 Spider:2 Spider:3)
  A wraith (D:13)
  5 humans (D:13)
  A basilisk (shapeshifter) (D:15)
  A hungry ghost (D:8)
  A warg (D:9)
  4 water moccasins (Lair:2 Lair:5 Lair:6)
  4 porcupines (Lair:4 Lair:5)
  10 orc warriors (D:7 D:9 D:11 Bailey D:13)
  4 sky beasts (D:4 D:6 D:11 D:14)
  2 black bears (D:9 Lair:3)
  A necrophage (D:6)
  An ice beast (D:13)
  A phantom (D:4)
  26 wolves (Lair:1 IceCv)
  8 centaurs (D:6 D:8 D:9 D:14)
  9 ogres (D:5 D:6 D:7 D:12 Orc:1)
  6 crocodiles (Lair:1 Lair:3 Lair:4 Lair:6 D:13)
  2 big kobolds (D:8 D:12)
  15 bullfrogs (D:5 D:6 D:8 D:9 D:11)
  Blork the orc (D:4)
  A scorpion (D:6)
  4 killer bees (D:10 D:11 D:13)
  3 howler monkeys (D:7 D:10)
  9 wights (D:7 D:8 D:9)
  An electric eel (D:15)
  A bullfrog zombie (D:8)
  3 crimson imps (D:12 D:13 D:15)
  3 jellies (D:5 D:7)
  A quasit (D:10)
  A gnoll shaman (D:4)
  9 hounds (D:4 D:6 D:5 D:7 D:8)
  4 orc wizards (D:9 D:11 D:13 Orc:2)
  3 bullfrog skeletons (D:4 D:5 D:9)
  9 orc priests (D:3 D:5 D:9 D:11 Orc:1)
  2 iguanas (D:4 D:7)
  6 worker ants (D:4 D:6 D:8 D:11 D:13)
  Terence (D:3)
  A hound zombie (D:6)
  3 worker ant zombies (D:6 D:8)
  13 gnolls (D:3 D:4 D:7 D:12)
  12 adders (D:2 D:3 D:5 D:6 D:7)
  3 river rats (D:5)
  A shadow imp (D:13)
  5 white imps (Orc:1)
  4 oozes (D:1 D:6 Lair:6)
  2 adder zombies (D:5)
  4 worms (D:2 D:4 D:5)
  2 dart slugs (D:1 D:3)
  2 leopard geckos (D:6 D:7)
  36 orcs (D:3 D:2 D:5 D:4 D:6)
  8 giant cockroaches (D:1 D:2 D:5 D:6)
  10 goblins (D:1 D:2 D:3 D:12)
  4 hobgoblins (D:2 D:3)
  11 jackals (D:1 D:3 D:4 D:5 D:8)
  4 quokkas (D:2 D:3 D:4 D:5)
  6 bats (D:1 D:2 D:3)
  9 frilled lizards (D:2 D:3 D:4 D:5)
  10 kobolds (D:2 D:8 D:12)
  A leopard gecko zombie (D:8)
  8 rats (D:1 D:2 D:3 D:5)
  3 fungi (Lair:4 Lair:5)
485 creatures vanquished.

Vanquished Creatures (collateral kills)
  4 emperor scorpions (Spider:1 Spider:2)
  A ghost moth (Spider:1)
  An entropy weaver (Spider:3)
  2 ogre magi (Orc:2)
  Josephine (Orc:2)
  A hydra (Lair:4)
  Erica (Lair:1)
  9 two-headed ogres (D:15 Orc:2)
  3 centaur warriors (D:13 D:14)
  2 catoblepae (Lair:6)
  7 death yaks (Lair:6 IceCv)
  Sonja (Lair:3)
  2 deep trolls (Orc:2)
  3 wizards (D:13 D:15)
  3 orc knights (Bailey Orc:1)
  3 manticores (Lair:2 Lair:6)
  8 orb spiders (Spider:1 Spider:2 Spider:3)
  6 ugly things (D:12 D:13 D:15)
  2 deep elf magi (D:14 D:15)
  18 wolf spiders (Spider:1 Spider:2 Spider:3)
  2 cyclopes (Orc:2)
  A moth of wrath (Spider:1)
  5 elephants (Lair:5)
  2 black mambas (Lair:2 Lair:5)
  An ice statue (IceCv)
  6 spiny frogs (Lair:2 Lair:3 Lair:4 Lair:5 Lair:6)
  A gargoyle (D:13)
  5 rime drakes (Lair:4 Lair:6)
  A freezing wraith (D:14)
  5 komodo dragons (Lair:1 Lair:2 Lair:6)
  4 centaur skeletons (D:12 D:13 D:14 D:15)
  An efreet (D:15)
  6 demonic crawlers (Spider:1 Spider:2 Spider:3)
  4 yaktaurs (D:13 D:15)
  A tengu conjurer (D:12)
  26 jumping spiders (Spider:1 Spider:2 Spider:3)
  6 polar bears (Lair:3 IceCv)
  11 trolls (D:11 Orc:1 Orc:2)
  8 dream sheep (Lair:4 Lair:6)
  14 blink frogs (Lair:1 Lair:4 Lair:5 Lair:6)
  4 slime creatures (D:12)
  4 hippogriffs (Lair:1 Lair:5 Lair:6 D:15)
  2 shadows (D:13)
  8 tarantellas (Spider:2 Spider:3)
  32 redbacks (Spider:1 Spider:2 Spider:3)
  3 wraiths (Orc:2)
  A wyvern (Lair:5)
  21 yaks (D:9 Lair:2 Lair:6 D:13 IceCv)
  14 humans (D:10 D:13)
  3 hungry ghosts (D:8 D:12 D:15)
  2 vampire mosquitoes (D:12)
  2 wargs (D:9 Lair:1)
  2 acid dragons (D:13 D:15)
  8 water moccasins (Lair:2 Lair:4 Lair:5 Lair:6)
  6 porcupines (Lair:2 Lair:4 Lair:5)
  14 orc warriors (D:10 D:11 Bailey D:13 Orc:1)
  4 ice beasts (D:9 D:10 D:15)
  A phantom (D:6)
  A sky beast (D:11)
  5 black bears (D:11 Lair:2 Lair:3)
  16 ogres (D:14 D:15 Orc:2)
  9 wolves (Lair:1 IceCv)
  9 crocodiles (D:11 Lair:1 Lair:2 Lair:4 Lair:5)
  5 centaurs (D:5 D:8 D:10 D:14)
  3 bullfrogs (D:9 Lair:2)
  A gnoll sergeant (D:12)
  3 scorpions (D:9 D:11 D:14)
  3 wyvern skeletons (D:9 D:12)
  6 wights (D:7 D:9)
  8 killer bees (D:10 D:11 D:13)
  A howler monkey (D:6)
  3 crimson imps (D:9 D:10 D:11)
  3 jellies (Lair:6 D:14)
  3 orc priests (D:11 Orc:1)
  3 hounds (D:9 D:10 Lair:1)
  An orc wizard (D:9)
  2 iguanas (D:8 D:13)
  3 worker ants (D:7 D:11 D:14)
  A worker ant zombie (D:11)
  3 gnolls (D:12)
  2 adders (D:11 D:12)
  A shadow imp (D:9)
  7 white imps (Orc:1)
  17 orcs (D:11 Bailey Orc:1 Orc:2)
  A giant cockroach (D:5)
  A kobold (D:12)
  20 fungi (Lair:2 Lair:3 Lair:4 Lair:5 Lair:6)
  12 plants (Lair:1 Lair:4 Lair:5 Lair:6)
472 creatures vanquished.

Vanquished Creatures (others)
  7 orc knights (Lair:4 Lair:6 Orc:1 Orc:2 Spider:3)
  An orc sorcerer (Orc:2)
  A redback (Spider:1)
  A tarantella (Spider:3)
  12 orc warriors (D:11 Bailey D:13 Orc:1 Orc:2)
  13 orc wizards (D:9 D:11 Orc:1 Orc:2 Spider:1)
  7 orc priests (D:3 Lair:4 Bailey D:13 Orc:1)
  63 orcs (D:9 D:10 D:11 Lair:1 Lair:4)
  A fire vortex (Lair:6)
  10 fungi (Lair:1 Lair:4 Lair:5 Lair:6)
  6 plants (Lair:1 Lair:4)
122 creatures vanquished.

Grand Total: 1079 creatures vanquished

Notes
Turn   | Place    | Note
-------+----------+-------------------------------------------
     0 | D:1      | MachJacob the Hill Orc Necromancer began the quest for the
                  | Orb.
     0 | D:1      | Reached XP level 1. HP: 14/14 MP: 3/3
   174 | D:1      | Learned a level 1 spell: Animate Skeleton
   420 | D:1      | Reached XP level 2. HP: 19/20 MP: 1/4
  1959 | D:2      | Reached XP level 3. HP: 20/26 MP: 0/6
  2020 | D:2      | Learned a level 3 spell: Vampiric Draining
  2214 | D:2      | Found a basalt altar of Yredelemnul.
  2341 | D:2      | Reached XP level 4. HP: 32/33 MP: 3/7
  2532 | D:2      | Found a snail-covered altar of Cheibriados.
  3026 | D:3      | Noticed Grinder
  3040 | D:2      | Reached skill level 5 in Necromancy
  3351 | D:3      | Reached XP level 5. HP: 56/56 MP: 7/11
  3356 | D:3      | Learned a level 3 spell: Regeneration
  3447 | D:3      | Noticed Terence
  3456 | D:3      | Killed Terence
  3456 | D:3      | Reached XP level 6. HP: 60/62 MP: 8/12
  3840 | D:3      | Became a worshipper of Beogh the Brigand
  4064 | D:4      | Noticed Blork the orc
  4120 | D:4      | Killed Blork the orc
  4355 | D:4      | Found a staircase to the Ecumenical Temple.
  4364 | Temple   | Entered the Ecumenical Temple
  4774 | D:4      | Reached skill level 1 in Shields
  4962 | D:4      | Reached XP level 7. HP: 67/69 MP: 9/13
  5858 | D:5      | Entered Level 5 of the Dungeon
  6487 | D:4      | Reached skill level 5 in Spellcasting
  6488 | D:4      | Reached * piety under Beogh
  6723 | D:5      | Reached XP level 8. HP: 64/75 MP: 15/15
  6973 | D:5      | Reached skill level 1 in Axes
  7668 | D:5      | Reached skill level 5 in Axes
  7819 | D:6      | Found a shadowy altar of Dithmenos.
  7940 | D:6      | Reached skill level 1 in Invocations
  8164 | D:6      | Reached XP level 9. HP: 68/82 MP: 5/16
  8229 | D:6      | Reached ** piety under Beogh
  8229 | D:6      | Reached skill level 2 in Invocations
  8783 | D:7      | Reached skill level 3 in Invocations
  9921 | D:7      | Found a runed translucent door.
  9922 | D:7      | Noticed Crazy Yiuf
 10005 | D:7      | Reached skill level 1 in Charms
 10398 | D:8      | Reached skill level 4 in Invocations
 10804 | D:8      | Reached *** piety under Beogh
 10854 | D:8      | Reached XP level 10. HP: 60/90 MP: 17/17
 10865 | D:8      | Reached skill level 5 in Invocations
 11457 | D:9      | Found a staircase to the Lair.
 11502 | D:9      | Noticed a two-headed ogre
 11657 | D:9      | Reached skill level 6 in Invocations
 11832 | D:9      | Killed a two-headed ogre
 11841 | D:9      | Reached skill level 10 in Axes
 12220 | D:9      | Reached skill level 7 in Invocations
 12422 | D:10     | Entered Level 10 of the Dungeon
 12631 | D:10     | Noticed a two-headed ogre
 12635 | D:10     | Killed a two-headed ogre
 12681 | D:10     | Reached XP level 11. HP: 91/95 MP: 15/18
 13546 | D:11     | Noticed a two-headed ogre
 13548 | D:11     | Killed a two-headed ogre
 13548 | D:11     | Reached skill level 8 in Invocations
 13561 | D:11     | Killed an unseen horror
 13595 | D:11     | Noticed a two-headed ogre
 13599 | D:11     | Killed a two-headed ogre
 13744 | D:11     | Found a staircase to the Orcish Mines.
 13750 | D:11     | Reached skill level 9 in Invocations
 13942 | D:11     | Noticed a two-headed ogre
 13944 | D:11     | Killed a two-headed ogre
 13944 | D:11     | Reached skill level 10 in Invocations
 14262 | D:11     | Upgraded the game from 0.24-a0-417-g1cce26a4d2 to
                  | 0.24-a0-422-g9eff3895ba
 14336 | Lair:1   | Entered Level 1 of the Lair of Beasts
 14379 | Lair:1   | Reached skill level 11 in Invocations
 14448 | Lair:1   | Noticed Fannar
 14494 | Lair:1   | Killed Fannar
 14733 | Lair:1   | Reached skill level 12 in Invocations
 15139 | Lair:1   | Reached XP level 12. HP: 85/103 MP: 21/21
 15218 | Lair:1   | Noticed Erica
 15227 | Lair:1   | Reached skill level 13 in Invocations
 15237 | Lair:1   | Killed Erica
 15382 | Lair:2   | Found a staircase to the Shoals.
 15866 | Lair:2   | Reached **** piety under Beogh
 15868 | Lair:2   | Noticed Harold
 15891 | Lair:2   | Killed Harold
 15891 | Lair:2   | Reached skill level 14 in Invocations
 16160 | Lair:1   | Learned a level 1 spell: Apportation
 16163 | Lair:1   | Learned a level 2 spell: Blink
 16310 | Lair:2   | Reached skill level 1 in Armour
 16966 | Lair:2   | Noticed a four-headed hydra
 16971 | Lair:2   | Killed a four-headed hydra
 17189 | Lair:2   | Found a hole to the Spider Nest.
 17456 | Spider:1 | Entered Level 1 of the Spider Nest
 17569 | Lair:3   | Identified the Catalogue of Shifting Creation
 17715 | Lair:3   | Reached skill level 5 in Shields
 17830 | Lair:3   | Found a burning altar of Makhleb.
 17841 | Lair:3   | Noticed Sonja
 17851 | Lair:3   | Killed Sonja
 17851 | Lair:3   | Reached skill level 1 in Translocations
 18169 | Lair:3   | Noticed a seven-headed hydra
 18172 | Lair:3   | Killed a seven-headed hydra
 18886 | Lair:4   | Noticed Nessos
 18981 | Lair:4   | Killed Nessos
 18981 | Lair:4   | Reached XP level 13. HP: 79/112 MP: 12/24
 19019 | Lair:4   | Identified a scroll of acquirement
 19308 | Lair:4   | Reached skill level 15 in Invocations
 19333 | Lair:4   | Gained Bogmar as an ally
 19899 | Lair:5   | Reached skill level 10 in Fighting
 19915 | Lair:5   | Got a pair of bloodstained gloves
 20065 | Lair:5   | Reached skill level 5 in Armour
 20483 | Lair:5   | Identified the +0 pair of gloves of Zoch {Stlth+} (You
                  | acquired it on level 5 of the Lair of Beasts)
 20892 | Lair:6   | Entered Level 6 of the Lair of Beasts
 20915 | Lair:6   | Found a staircase to the Slime Pits.
 21493 | Lair:6   | Reached XP level 14. HP: 72/124 MP: 20/25
 21511 | Lair:6   | Reached skill level 16 in Invocations
 22154 | D:12     | Found a flagged portal.
 22177 | Bailey   | Entered a bailey
 22212 | Bailey   | Gained Arbolt as an ally
 22245 | Bailey   | Reached XP level 15. HP: 119/130 MP: 27/27
 22281 | Bailey   | Your ally Arbolt died
 23034 | D:12     | Noticed Snorg
 23046 | D:12     | Killed Snorg
 24063 | D:13     | Noticed Urug
 24089 | D:13     | Killed Urug
 24109 | D:13     | Got a spiked buckler
 24111 | D:13     | Identified the cursed +0 buckler of Indecent Exposure {rC+}
                  | (You found it on level 13 of the Dungeon)
 24357 | D:13     | Gained Bogwald as an ally
 24635 | D:13     | Reached ***** piety under Beogh
 24693 | D:13     | Found a gate to the Vaults.
 25755 | D:14     | Found Puytec's Distillery.
 26061 | D:14     | Found a blossoming altar of Fedhas.
 26432 | D:15     | Entered Level 15 of the Dungeon
 26799 | D:15     | Reached skill level 10 in Shields
 26799 | D:15     | Reached skill level 17 in Invocations
 27032 | D:15     | Identified the +2 helmet "Iqyfog" {rF+} (You found it on
                  | level 15 of the Dungeon)
 27468 | Orc:1    | Entered Level 1 of the Orcish Mines
 27523 | Orc:1    | Found a frozen archway.
 27534 | IceCv    | Entered an ice cave
 28099 | IceCv    | Reached XP level 16. HP: 124/143 MP: 28/28
 28972 | Orc:2    | Entered Level 2 of the Orcish Mines
 28972 | Orc:2    | Noticed Jorgrun
 28983 | Orc:2    | Killed Jorgrun
 28983 | Orc:2    | Reached skill level 10 in Armour
 28984 | Orc:2    | Found a staircase to the Elven Halls.
 29124 | Orc:1    | Found a roughly hewn altar of Beogh.
 29281 | Orc:2    | Noticed Josephine
 29290 | Orc:2    | Killed Josephine
 29331 | Orc:2    | Gained Boldo as an ally
 29336 | Orc:2    | Your ally Boldo died
 29368 | Orc:2    | Found Qonten's Assorted Antiques.
 29391 | Orc:2    | Found Biru's Armour Shop.
 29396 | Orc:2    | Found Ucoygosm's Weapon Emporium.
 29397 | Orc:2    | Found Astremnup's Armour Emporium.
 29419 | Orc:2    | Noticed Rupert
 29424 | Orc:2    | Killed Rupert
 29424 | Orc:2    | Gained Geork as an ally
 29424 | Orc:2    | Reached skill level 18 in Invocations
 29535 | Orc:2    | Found a roughly hewn altar of Beogh.
 29832 | Orc:2    | Found a runed translucent door.
 29842 | Orc:2    | Found the +10 large shield of Ignorance {rN+ Int-4}
 29865 | Orc:2    | Found a runed translucent door.
 30291 | Lair:2   | Upgraded the game from 0.24-a0-422-g9eff3895ba to
                  | 0.24-a0-423-g6870c0f642
 30822 | Spider:1 | Learned a level 4 spell: Animate Dead
 33404 | Spider:2 | Reached XP level 17. HP: 59/152 MP: 28/30
 34204 | Spider:3 | Reached skill level 5 in Translocations
 35390 | Spider:3 | HP: 6/154 [poisoned by a ghost moth]
 35406 | Spider:3 | HP: 7/154 [something (2)]
 35412 | Spider:3 | HP: 6/154 [poisoned by a ghost moth]
 36934 | Spider:4 | Entered Level 4 of the Spider Nest
 36949 | Spider:4 | Paralysed by a hornet for 2 turns
 36953 | Spider:4 | HP: 5/154 [wolf spider (16)]
 36953 | Spider:4 | Mangled by a wolf spider

Levels and vault maps discovered:
D:1:      lemuel_arrival_room, layout_basic
D:2:      layout_basic, yredelemnul_altar_generic, cheibriados_altar_1,
          first_ration, item_on_display_a
D:3:      minmay_inner_zag, layout_basic, nicolae_qazlal_style_of_elements,
          uniq_grinder, uniq_terence
D:4:      layout_layer_cave, minmay_temple_entry_mist, minmay_misc_feat_alley,
          item_on_display_a, uniq_blork_the_orc
D:5:      layout_rooms, portal_sewer_entry_e, dk_noncrumbling_2
D:6:      layout_loops_ring, nicolae_dithmenos_the_darkroom,
          kennysheep_generic_room_6
D:7:      layout_loops_corners, uniq_crazy_yiuf_cottage
D:8:      layout_rooms
D:9:      layout_loops_cross, erik_lair_orcish_takeover
D:10:     layout_long_grid, grunt_pizzeria, evilmike_minifort
D:11:     layout_cave_pools, hiddenorc2_lemuel, serial_column_ruins,
          column_ruins_square_medium, column_ruins_hut_pillars,
          column_ruins_open_small, column_ruins_grid_3, column_ruins_open_tiny,
          column_ruins_grid_1, column_ruins_open_tiny
D:12:     layout_layer_cave, enter_bailey_7, uniq_snorg
D:13:     layout_roguey, grunt_vaults_entry_tiered, uniq_urug
D:14:     layout_gridville, hex_tiny, serial_shops, kennysheep_mini,
          st_stairs_3, hangedman_tree_tricks
D:15:     grunt_enter_depths_snipers, layout_basic, serial_curves,
          eino_curves_02, eino_curves_02, eino_curves_02
Temple:   eino_narrow_crystal_temple
Lair:1:   beast_lair_carwin_large_4, layout_long_grid, uniq_erica, uniq_fannar
Lair:2:   layout_cave_pods, minmay_shoals_entry_beasts, dummy_spider_entry,
          serial_rivers, chequers_serial_rivers_large_b,
          chequers_serial_rivers_micro_b, chequers_serial_rivers_small_a,
          chequers_serial_rivers_marsh, beast_lair_carwin_10,
          serial_bayou_shore_b, lemuel_fruit_fields, uniq_harold
Lair:3:   beast_lair_carwin_large_1, layout_hall_layers, basic_altar,
          minivault_25, uniq_sonja
Lair:4:   layout_roguey, minmay_lair_drake_nest, grunt_megastairs_5,
          infiniplex_staircase_pool_2, uniq_nessos
Lair:5:   layout_layer_cave, infiniplex_staircase_pool
Lair:6:   evilmike_catoblepas_cave, layout_gridlike,
          nicolae_slime_entry_slimehenge
Spider:1: nicolae_spider_hall_of_the_moth_king, drop_trap
Spider:2: layout_chambers
Spider:3: layout_spider_delve
Spider:4: grunt_spider_rune_island
Orc:1:    layout_caves, portal_ice_cave_entry_imps, mines1_david
Orc:2:    st_orc_open, layout_caves, basic_altar,
          chequers_guarded_unrand_ignorance, uniq_rupert, uniq_jorgrun,
          uniq_josephine

Skill      XL: |  1  2  3  4  5  6  7  8  9 10 11 12 13 14 15 16 17 |
---------------+----------------------------------------------------+-----
Dodging        | 2 3 |  3.0
Spellcasting   | 2 4 5 |  5.0
Necromancy     | 8 9 |  9.0
Fighting       | 8 9 11 13 14 | 14.6
Shields        | 1 3 4 6 8 10 11 12 | 12.2
Axes           | 6 8 11 12 13 14 | 14.1
Invocations    | 1 4 7 12 14 15 16 17 18 | 18.6
Charms         | 2 3 |  3.0
Armour         | 4 6 7 9 10 | 10.0
Translocations | 2 3 4 5 |  5.0
Evocations     | 6 |  6.0
Stealth        | |  1.5

Action                   |  1- 3 |  4- 6 |  7- 9 | 10-12 | 13-15 | 16-18 || total
-------------------------+-------+-------+-------+-------+-------+-------++-------
Melee: Dagger            |    21 |   103 |    31 |       |       |       ||   155
       Whip              |       |       |   273 |   170 |       |       ||   443
       War axe           |       |       |       |   392 |   809 |   580 ||  1781
Throw: Stone             |       |     7 |     9 |     9 |       |       ||    25
 Cast: Pain              |    48 |    99 |   259 |   111 |    21 |    24 ||   562
       Animate Skeleton  |     3 |    12 |    34 |    51 |   108 |    25 ||   233
       Regeneration      |       |     5 |    23 |    21 |    31 |    44 ||   124
       Blink             |       |       |       |       |     1 |       ||     1
       Animate Dead      |       |       |       |       |       |    31 ||    31
Invok: Convert to Beogh  |       |     1 |       |       |       |       ||     1
       Smiting           |       |       |       |    24 |    28 |    35 ||    87
       Recall Orcish Fol |       |       |       |     1 |       |     4 ||     5
       Give Item to Name |       |       |       |       |     1 |     2 ||     3
       Stop Recall       |       |       |       |       |       |     1 ||     1
Evoke: Wand              |       |       |       |     4 |     1 |     1 ||     6
  Use: Scroll            |       |     8 |     5 |    15 |    12 |     6 ||    46
       Potion            |       |     2 |       |     1 |     1 |    20 ||    24
 Stab: Sleeping          |       |     3 |       |     3 |     3 |     1 ||    10
       Distracted        |       |       |     1 |     6 |    15 |    14 ||    36
  Eat: Ration            |     1 |       |     1 |     3 |       |     9 ||    14
       Chunk             |     2 |     9 |    22 |    21 |    33 |     9 ||    96
Armor: Robe              |     5 |    24 |    98 |   137 |       |       ||   264
       Leather armour    |       |    11 |       |       |       |       ||    11
       Scale mail        |       |       |       |    43 |   416 |   527 ||   986
Dodge: Dodged            |    23 |    72 |   209 |   344 |   291 |   361 ||  1300
Block: Buckler           |       |     9 |    85 |   129 |    76 |       ||   299
       Shield            |       |       |       |       |   289 |   511 ||   800

Table legend:
 A = Non-vault XP
 B = Vault XP
 C = Vault XP percentage of total XP
 D = Non-vault monster count
 E = Vault monster count
 F = Vault count percentage of total count
                 A         B        C        D         E       F
            +---------+---------+-------+---------+---------+-------
      Total |  106769 |   61887 |  36.7 |     637 |     286 |  31.0
            +---------+---------+-------+---------+---------+-------
        D:1 |      29 |       0 |   0.0 |      12 |       0 |   0.0
        D:2 |     107 |       0 |   0.0 |      24 |       0 |   0.0
        D:3 |     116 |      56 |  32.6 |      19 |       8 |  29.6
        D:4 |     517 |      85 |  14.1 |      17 |       1 |   5.6
        D:5 |     719 |      44 |   5.8 |      27 |       8 |  22.9
        D:6 |    1060 |       3 |   0.3 |      21 |       1 |   4.5
        D:7 |     864 |       0 |   0.0 |      23 |       0 |   0.0
        D:8 |    1256 |       0 |   0.0 |      31 |       0 |   0.0
        D:9 |    2450 |     512 |  17.3 |      24 |       6 |  20.0
       D:10 |    1568 |     138 |   8.1 |      13 |       1 |   7.1
       D:11 |    4580 |     337 |   6.9 |      25 |      14 |  35.9
       D:12 |    4223 |     946 |  18.3 |      32 |       5 |  13.5
       D:13 |    5173 |    5707 |  52.5 |      34 |      25 |  42.4
       D:14 |    3753 |    1312 |  25.9 |      15 |       3 |  16.7
       D:15 |   11249 |       0 |   0.0 |      33 |       0 |   0.0
     Lair:1 |    2344 |    2805 |  54.5 |      15 |      18 |  54.5
     Lair:2 |    3100 |    2625 |  45.9 |      15 |       9 |  37.5
     Lair:3 |    1894 |    1418 |  42.8 |       6 |       9 |  60.0
     Lair:4 |    4122 |    2868 |  41.0 |      25 |       7 |  21.9
     Lair:5 |    5449 |       0 |   0.0 |      25 |       0 |   0.0
     Lair:6 |    7711 |    7033 |  47.7 |      32 |      27 |  45.8
   Spider:1 |    9058 |    5109 |  36.1 |      36 |      12 |  25.0
   Spider:2 |   16281 |       0 |   0.0 |      58 |       0 |   0.0
   Spider:3 |   16519 |       0 |   0.0 |      48 |       0 |   0.0
      Orc:1 |    2152 |      91 |   4.1 |      19 |      12 |  38.7
      Orc:2 |     475 |   15993 |  97.1 |       8 |      43 |  84.3
     Bailey |       0 |    2049 | 100.0 |       0 |      20 | 100.0
      IceCv |       0 |   12756 | 100.0 |       0 |      57 | 100.0
            +---------+---------+-------+---------+---------+-------
